 Dungeon Crawl Stone Soup version 0.29-a0-577-gafbf2c5d25 (webtiles) character file.

Game seed: 17607210198338637643

2 shoop the Insei (level 1, 15/16 HPs)
             Began as a Meteoran Transmuter on June 13, 2022.
             Was a Follower of Kikubaaqudgha.
             Quit the game on level 1 of the Dungeon.
             The game lasted 00:00:39 (69 turns).

shoop the Insei (Meteoran Transmuter)                 Turns: 69, Time: 00:00:40

Health: 15/16      AC:  2    Str: 11    XL:     1   Next: 57%
Magic:  5/5        EV: 12    Int: 14    God:    Kikubaaqudgha [*.....]
Gold:   9          SH:  0    Dex: 14    Spells: 4/5 levels left

rFire   . . .      SeeInvis .   c - +0 dagger
rCold   . . .      Faith    .   (no shield)
rNeg    . . .      Spirit   .   a - +0 robe
rPois   .          Reflect  .   (helmet currently unavailable)
rElec   .          Harm     .   (no cloak)
rCorr   .          Rampage  .   (no gloves)
Will    .....                   (boots currently unavailable)
Stlth   +.........              (no amulet)
HPRegen 0.05/turn               (no ring)
MPRegen 0.09/turn               (no ring)

@: appendages (expiring), glowing
A: horns 2, talons 2, sense surroundings 1, otherworldly, glowing, explore regen
a: End Transformation, Renounce Religion, Unearth Wretches


You were on level 1 of the Dungeon.
You worshipped Kikubaaqudgha.
Kikubaaqudgha was aware of your devotion.
You had temporarily grown beastly horns and talons.
You visited 1 branch of the dungeon, and saw 1 of its levels.

You collected 9 gold pieces.

Inventory:

Hand Weapons
 c - a +0 dagger (weapon)
Armour
 a - a +0 robe (worn)
Scrolls
 d - a scroll of vulnerability {unknown}
Potions
 b - a potion of lignification


   Skills:
 - Level 1.1 Fighting
 + Level 2.5 Dodging
 * Level 3.8 Unarmed Combat
 - Level 2.6 Spellcasting
 - Level 2.4 Transmutations


You had 4 spell levels left.
You knew the following spells:

 Your Spells              Type           Power      Damage    Failure   Level
a - Beastly Appendage     Tmut           16%        N/A       9%          1

Your spell library contained the following spells:

 Spells                   Type           Power      Damage    Failure   Level
 Wereblood                Tmut           8%         N/A       12%         2
 Necrotize                Necr           4%         1d4       22%         1
 Sublimation of Blood     Necr           1%         N/A       32%         2
 Spider Form              Tmut/Pois      5%         N/A       38%         3
 Vampiric Draining        Necr           1%         2d6       54%         3
 Ice Form                 Ice/Tmut       5%         N/A       80%         4
 Animate Dead             Necr           1%         N/A       91%         4


Dungeon Overview and Level Annotations

Branches:
Dungeon (1/15)

Altars:
Kikubaaqudgha


Innate Abilities, Weirdness & Mutations

You have temporarily grown beastly horns and talons.
You passively map a small area around you.
You are easily found by Zot.
You glow in the dark.
You regain HP and MP as you explore.


Message History

You kill the frilled lizard!
Your transformation is almost over.
Things that are here:
a +0 short sword; 4 stones; a kobold corpse
Found 9 gold pieces.
Your horns disappear.
Your talons disappear.
You now have 9 gold pieces.
A quokka comes into view.
Found a faded altar of an unknown god.
Casting: Beastly Appendage (safe; 9% risk of failure)
Confirm with . or Enter, or press ? or * to list all spells.
You grow a pair of large bovine horns.
Your feet morph into talons.
You hit the quokka. Your kick misses the quokka.
The quokka is moderately wounded.
The quokka closely misses you.
The quokka bites you but does no damage.
You hit the quokka but do no damage. You claw the quokka.
The quokka is severely wounded.
The quokka bites you but does no damage.
You hit the quokka but do no damage. Your kick misses the quokka.
The quokka is severely wounded.
The quokka bites you.
You hit the quokka.
You kill the quokka!
You see here a quokka corpse.
Found a green potion.
Found a scroll labelled MOTEZX IKIBBIO.
Your transformation is almost over.
A hobgoblin comes into view.
A kobold comes into view. It is wielding a +0 short sword.
The kobold shouts!
The kobold moves out of view.
There is a faded altar of an unknown god here.
You cannot tell which god this altar belongs to.
Convert to them anyway?
Kikubaaqudgha accepts your prayer! Kikubaaqudgha welcomes you!
You can now bring forth the wretched and dying.
Kikubaaqudgha grants you a gift!
You add the spells Necrotize, Sublimation of Blood, Vampiric Draining and Animate Dead to your library.
Are you sure you want to abandon this character and quit the game? (Confirm with "yes".)

#.###..## ,,
#.#####.# ##..###
........#
##...######
.......†##
#........#
,.........#
#........# , *
#####.##.##
#........# *
#..#⌠.⌠###........#
*
#.###.##...########
.. #⌠@⌠#.### *,
...,##.##.# ...
⌠.⌠### , ##g## , ,
!.. ?.. , ...* ,
....# , , ,


You could see a hobgoblin.

Vanquished Creatures
  A quokka (D:1)
  A frilled lizard (D:1)
  A kobold (D:1)
3 creatures vanquished.

Notes
Turn   | Place    | Note
-------+----------+-------------------------------------------
     0 | D:1      | shoop the Meteoran Transmuter began the quest for the Orb.
     0 | D:1      | Reached XP level 1. HP: 16/16 MP: 5/5
    55 | D:1      | Found a faded altar of an unknown god.
    68 | D:1      | Prayed at the altar of an unknown god.
    68 | D:1      | Became a worshipper of Kikubaaqudgha
    68 | D:1      | Reached * piety under Kikubaaqudgha
    68 | D:1      | Received a gift from Kikubaaqudgha
    69 | D:1      | Quit the game

Illustrated notes

Levels and vault maps discovered:
D:1:      amcnicky_arrival_wind_blow, layout_rooms,
          ebering_ecumenical_altar_hall

Action                   || total
-------------------------++-------
Melee: Dagger            ||     7
       Kick              ||     2
 Cast: Beastly Appendage ||     2
Armor: Robe              ||     4
Dodge: Dodged            ||     2

Table legend: (Time is in decaauts)
 A = Elapsed time spent in this place.
 B = Non-inter-level travel time spent in this place.
 C = Inter-level travel time spent in this place.
 D = Time resting spent in this place.
 E = Time spent auto-exploring this place.
 F = Levels seen in this place.
 G = Mean time per level.
                   A        B        C        D        E       F      G
               +--------+--------+--------+--------+--------+-----+--------+
         Total |     68 |     68 |      0 |      0 |      0 |   1 |   68.0 |
       Dungeon |     68 |     68 |      0 |      0 |      0 |   1 |   68.0 |
               +--------+--------+--------+--------+--------+-----+--------+

Top non-repeatable levels by time:
     D:1: 68 daAuts
